 Dungeon Sprint DCSS version 0.30.0-5-g1a98f26d00 (webtiles) character file.

Game seed: 9662872435436543252

3 Groucho the Vexing (level 1, -1/10 HPs)
             Began as a Spriggan Hexslinger on May 12, 2023.
             Slain by a human (3 damage)
             ... in the Dungeon (Sprint III: "The Ten Rune Challenge").
             The game lasted 00:00:47 (399 turns).

Groucho the Vexing (Spriggan Hexslinger)             Turns: 399, Time: 00:00:47

Health: -1/10      AC:  2    Str:  6    XL:     1   Next: 41%
Magic:  4/4        EV: 17    Int: 14    God:
Gold:   18         SH:  0    Dex: 15    Spells: 3/4 levels left

rFire   . . .        a - +1 sling
rCold   . . .        (no shield)
rNeg    . . .        c - +0 robe
rPois   .            (helmet restricted)
rElec   .            (no cloak)
rCorr   .            (gloves unavailable)
SInv    +            (boots unavailable)
Will    .....        (no amulet)
Stlth   +            (no ring)
HPRegen 0.21/turn    (no ring)
MPRegen 0.09/turn

%: no teleportation
@: very quick
A: very small, no large weapons, unfitting armour, see invisible, speed 3
a: no special abilities


You were in the Dungeon.
You visited 1 branch You collected 18 gold pieces.

Inventory:

Hand Weapons
 a - a +1 sling (weapon)
Armour
 c - a +0 robe (worn)
Scrolls
 b - a scroll of poison
 i - a scroll of blinking
Potions
 d - a potion of curing
 e - a potion of heal wounds
 f - a potion of haste
 g - 2 potions of magic
 h - a potion of berserk rage


   Skills:
 + Level 1.2 Fighting
 + Level 2.3 Ranged Weapons
 + Level 3.2 Dodging
 + Level 2.1 Spellcasting
 + Level 4.0 Hexes


You had 3 spell levels left.
You knew the following spells:

 Your Spells              Type           Power      Damage    Failure   Level
a - Slow                  Hex            48%        N/A       4%          1

Your spell library contained the following spells:

 Spells                   Type           Power      Damage    Failure   Level
 Inner Flame              Hex/Fire       7%         N/A       30%         3
 Portal Projectile        Hex/Tloc       14%        N/A       30%         3
 Cause Fear               Hex            6%         N/A       41%         4


Dungeon Overview and Level Annotations

Branches:
Dungeon (1/1)

Altars:


Innate Abilities, Weirdness & Mutations

You are very small and have problems with some larger weapons.
You are too small for most types of armour.
You have supernaturally acute eyesight. (SInv)
You cover ground extremely quickly. (Speed+++)


Message History

You shoot a sling bullet.
The sling bullet closely misses the human.
You shoot a sling bullet. The sling bullet hits the human.
The human is moderately wounded.
The human misses you.
There is an open door here.
You shoot a sling bullet. The sling bullet hits the human.
The human is moderately wounded.
There is an open door here.
You shoot a sling bullet. The sling bullet hits the human.
The human is moderately wounded.
You shoot a sling bullet. The sling bullet hits the human.
The human is heavily wounded.
The human closely misses you. The human misses you.
There is an open door here.
There is an open door here.
You shoot a sling bullet.
The sling bullet closely misses the human.
You shoot a sling bullet. The sling bullet hits the human.
The human is severely wounded.
You shoot a sling bullet. The sling bullet hits the human.
The human is severely wounded.
You shoot a sling bullet. The sling bullet hits the human.
The human is almost dead.
You shoot a sling bullet. The sling bullet misses the human.
The human barely misses you.
You shoot a sling bullet.
The sling bullet barely misses the human.
You shoot a sling bullet.
The sling bullet closely misses the human.
The human misses you.
You shoot a sling bullet.
The sling bullet hits the human but does no damage.
The human is almost dead.
The human hits you!
Ouch! That really hurt!
* * * LOW HITPOINT WARNING * * *
The human hits you.
You die...

▓#÷#### ▓.....#
...~. .#
▓....†#...~~.♣♣...#
▓.....#..~~~~..♣♣.+
▓####'#..~≈≈~~~♣..#
▓...p.#.~~≈~~~....#
▓.†...#.~≈~~~.....#
▓.....#.~~~.......#
▓'#####........@..#
▓...............p.#
▓▓▓▓▓▓▓▓▓▓▓▓▓▓▓▓▓▓▓


You could see a human.

Vanquished Creatures
  An endoplasm (D)
  3 rats (D)
4 creatures vanquished.

Notes
Turn   | Place    | Note
-------+----------+-------------------------------------------
     0 | D        | Groucho the Spriggan Hexslinger began the quest for the
                  | Orb.
     0 | D        | Reached XP level 1. HP: 9/9 MP: 3/3
     4 | D        | Reached skill level 1 in Fighting
   329 | D        | Reached skill level 4 in Hexes
   399 | D        | Slain by a human

Illustrated notes

Levels and vault maps discovered:
D:        dungeon_sprint_mu [sprint_mu_entry_forest, sprint_mu_temple_rooms,
          sprint_mu_d1_spiders, sprint_mu_d2_genie, sprint_mu_d3_branching,
          sprint_mu_orc_legion, sprint_mu_elf_gauntlet, sprint_mu_hive_nellie,
          sprint_mu_lair_fedhas, sprint_mu_vaults_butterflies,
          sprint_mu_slime_circle, sprint_mu_swamp_cave, sprint_mu_shoals_archi,
          sprint_mu_blade_basic, sprint_mu_crypt_fortress,
          sprint_mu_tomb_spiral, sprint_mu_vestibule_basic,
          sprint_mu_gehenna_hellfire, sprint_mu_dis_giant,
          sprint_mu_tartarus_statrot, sprint_mu_cocytus_islands, sprint_mu_zot1]

Skill      XL: |  1 |
---------------+----+-----
Fighting       | 1 |  1.2
Dodging        | 3 |  3.2
Spellcasting   | 2 |  2.1
Hexes          | 4 |  4.0
Ranged Weapons | |  2.3

Action                     || total
---------------------------++-------
   Fire: Sling             ||    31
 Armour: Robe              ||     1
  Dodge: Dodged            ||    10
